Map: Pylon LE

Players

Clem

  • Race: Terran Terran
  • Spawn Location: 11:00

Classic - Winner!

  • Race: Protoss Protoss
  • Spawn Location: 5:00

Event: Esports World Cup 2025

VOD

Have the link to the VOD?

Description

Time

  • Played on: July 24, 2025, 12:31 p.m.
  • Length: 17:40

All games in this series

Show
View Real Time Build Order
Export as new Build Order

Clem Terran 

Build Orders:  

Get SALT Encoding   

  12  0:00  SCV  
  13  0:12  SCV  
  14  0:17  Supply Depot  
  14  0:24  SCV  
  15  0:38  SCV  
  15  0:39  Barracks  
  16  0:43  Refinery  
  16  0:50  SCV  
  16  0:52  Refinery  
  17  1:02  SCV  
  18  1:14  SCV  
  19  1:27  Reaper, Orbital Command  
  20  1:41  Factory  
  20  1:48  Supply Depot  
  20  1:53  SCV  
  21  1:59  Reaper  
  22  2:05  SCV  
  23  2:15  Command Center  
  23  2:17  SCV  
  24  2:24  Hellion  
  24  2:29  SCV  
  27  2:34  Starport  
  27  2:37  Barracks Reactor  
  27  2:41  SCV  
  28  2:46  Factory Tech Lab  
  28  2:55  SCV  
  28  3:04  Cyclone  
  31  3:09  Supply Depot  
  31  3:26  Marine x2, SCV, Orbital Command, Medivac  
  36  3:38  SCV, Supply Depot  
  37  3:43  Factory Tech Lab  
  37  3:44  Marine x2  
  39  3:50  SCV  
  39  3:52  SCV  
  41  3:56  Barracks  
  41  4:02  Cloaking Field, SCV  
  41  4:03  Banshee  
  41  4:04  SCV  
  41  4:07  Marine x2  
  48  4:15  SCV  
  48  4:16  SCV  
  50  4:19  Supply Depot  
  50  4:21  Siege Tank  
  53  4:25  Barracks  
  53  4:28  SCV  
  53  4:29  SCV  
  53  4:30  Marine  
  56  4:32  Marine  
  57  4:40  SCV  
  57  4:41  SCV, Supply Depot  
  57  4:45  Marine  
  60  4:46  Banshee  
  60  4:51  Supply Depot  
  60  4:52  SCV  
  64  4:53  Refinery  
  64  4:56  Marine, SCV  
  64  4:57  Marine  
  67  5:04  Siege Tank  
  67  5:05  SCV  
  67  5:06  Supply Depot  
  66  5:08  SCV  
  66  5:09  Marine  
  67  5:16  Marine x2  
  67  5:17  SCV  
  67  5:20  SCV  
  68  5:26  Marine  
  65  5:28  Marine  
  65  5:29  SCV  
  65  5:32  SCV  
  65  5:34  Marine  
  67  5:36  Siege Tank  
  67  5:41  SCV  
  64  5:44  Marine x2, SCV  
  64  5:48  Marine  
  67  5:52  Marine  
  67  5:53  SCV  
  67  5:56  SCV, Refinery  
  70  5:58  Engineering Bay  
  70  6:03  Starport Reactor  
  70  6:05  SCV  
  70  6:06  Supply Depot  
  70  6:07  Marine  
  70  6:08  Marine, Siege Tank, SCV  
  77  6:17  Stimpack, Marauder  
  77  6:18  Marine, SCV  
  81  6:20  SCV  
  82  6:29  Terran Infantry Weapons Level 1  
  82  6:32  Command Center  
  79  6:33  Marine  
  79  6:38  Starport Reactor  
  80  6:40  Supply Depot  
  80  6:43  Marauder  
  80  6:44  Marine  
  80  6:45  Combat Shield  
  83  6:47  Factory Reactor  
  83  6:55  Marauder, Barracks  
  83  6:56  SCV x2, Barracks  
  83  6:59  Marine  
  88  7:04  Marauder  
  88  7:06  Marine  
  91  7:09  SCV  
  91  7:13  Supply Depot  
  92  7:16  Marine, Medivac x2  
  92  7:19  Marine  
  92  7:21  SCV  
  99  7:24  Widow Mine x2  
  99  7:25  Marauder  
  99  7:29  SCV  
  103  7:34  Marauder, Ghost Academy  
  103  7:36  SCV, Supply Depot  
  106  7:43  SCV  
  107  7:46  Barracks Tech Lab, Barracks Reactor  
  107  7:48  Widow Mine x2  
  107  7:49  Viking  
  113  7:54  Viking  
  115  7:59  Marauder  
  115  8:01  Marauder  
  115  8:03  Marine x2  
  115  8:05  SCV  
  122  8:06  SCV  
  122  8:11  Orbital Command  
  123  8:15  Ghost  
  123  8:17  SCV  
  123  8:18  SCV  
  128  8:20  Supply Depot  
  128  8:22  Marine x2  
  128  8:23  Marine x2  
  132  8:29  SCV  
  132  8:32  Marine, SCV  
  131  8:35  Ghost  
  131  8:39  Viking  
  131  8:41  Marine x3, SCV  
  122  8:43  Marine  
  122  8:45  Marine  
  115  8:50  Marauder  
  115  8:54  Widow Mine  
  115  8:55  Widow Mine  
  107  8:59  Marine x2  
  102  9:02  Ghost  
  102  9:03  Medivac  
  102  9:05  Marine x2  
  102  9:06  Marauder  
  104  9:12  Medivac  
  104  9:14  SCV, Marauder  
  104  9:16  SCV, Widow Mine  
  112  9:18  SCV  
  112  9:21  Marine x2  
  115  9:25  Refinery  
  115  9:26  Refinery  
  115  9:27  Marine x2  
  115  9:28  SCV  
  115  9:30  Terran Infantry Armor Level 1  
  118  9:33  Ghost  
  118  9:36  Marauder  
  118  9:37  Widow Mine  
  125  9:41  Marine x2, Supply Depot  
  125  9:44  Marauder  
  129  9:48  Marine  
  129  9:49  Marine  
  129  9:50  Concussive Shells  
  130  9:54  Widow Mine  
  130  9:55  Medivac  
  130  9:57  Marine  
  130  9:58  Supply Depot  
  135  10:01  Marine x2  
  135  10:06  Marine x2, Widow Mine  
  135  10:11  Marine  
  135  10:12  Marine, Medivac  
  135  10:15  Marauder, Widow Mine  
  135  10:18  Marine  
  135  10:20  Marine  
  141  10:23  Command Center  
  141  10:26  Supply Depot  
  141  10:27  Armory  
  141  10:30  Engineering Bay  
  141  10:34  Ghost  
  144  10:36  Marine x2, Ghost  
  144  10:39  SCV  
  144  10:42  Supply Depot  
  150  10:45  Viking  
  150  10:48  Viking  
  154  10:54  Ghost  
  154  10:55  Marine x3  
  154  10:56  Marine  
  155  11:04  Marauder  
  155  11:06  Marauder  
  155  11:08  SCV  
  155  11:09  SCV  
  150  11:13  Marine  
  150  11:14  SCV  
  150  11:15  Marine  
  147  11:20  SCV  
  147  11:23  Marauder  
  147  11:24  Marine  
  150  11:26  Marauder  
  150  11:28  SCV x2  
  154  11:33  SCV, Terran Infantry Weapons Level 2  
  154  11:38  Viking  
  154  11:39  Viking  
  157  11:42  SCV x2  
  157  11:45  SCV  
  160  11:48  Terran Infantry Armor Level 2  
  160  11:51  Marine  
  160  11:52  Marine  
  158  11:54  Marine  
  158  11:55  Marine, SCV  
  158  11:58  SCV  
  158  11:59  Marine  
  158  12:01  Marine, SCV  
  158  12:02  Marauder  
  158  12:08  SCV  
  162  12:09  Marine  
  154  12:17  Marauder  
  154  12:19  Marine, Medivac  
  154  12:20  Marine, Marauder  
  148  12:22  Viking  
  148  12:24  Marauder  
  148  12:25  Marine  
  148  12:28  Planetary Fortress  
  148  12:29  Marine  
  140  12:37  Marine  
  140  12:38  Marauder  
  140  12:39  Marine  
  140  12:41  Terran Ship Weapons Level 1, Starport  
  144  12:44  SCV  
  144  12:47  SCV x2  
  144  12:49  Marine x2, Medivac  
  151  12:53  Ghost  
  151  12:56  Viking  
  152  12:59  Marine x2  
  152  13:01  Marauder x2  
  152  13:02  SCV  
  152  13:03  SCV  
  160  13:09  Marine x2  
  160  13:11  SCV  
  163  13:13  SCV  
  163  13:17  Marine  
  163  13:18  Viking  
  166  13:21  Ghost  
  166  13:23  Viking  
  166  13:26  Viking  
  173  13:28  Marine  
  173  13:29  Marine  
  175  13:35  Ghost  
  175  13:37  Marine  
  175  13:39  Viking  
  181  13:43  Supply Depot  
  181  13:45  Supply Depot  
  181  13:47  Marauder  
  181  13:48  Viking  
  184  13:50  Marine x2  
  184  13:51  Marine  
  184  13:53  Viking  
  187  13:59  Ghost  
  187  14:01  Supply Depot  
  190  14:03  Ghost  
  193  14:13  Terran Infantry Weapons Level 3  
  182  14:27  Ghost  
  178  14:31  Ghost  
  178  14:38  Medivac  
  178  14:39  Marine  
  178  14:40  Marauder  
  178  14:41  Marine  
  178  14:42  Marine  
  178  14:45  Marine  
  181  14:51  Command Center  
  182  14:53  Refinery  
  182  14:55  Medivac  
  182  14:57  Marine, Marauder  
  187  15:00  Refinery  
  187  15:01  Medivac  
  189  15:41  Marine x2, Marauder x2, Medivac  
  197  15:44  Marauder, Medivac  
  197  15:49  Viking  
  167  15:58  Marine x2  
  167  16:01  Viking  
  167  16:02  Ghost  
  167  16:03  Marauder  
  165  16:13  Marine  
  160  16:19  Marine x2  
  160  16:21  Orbital Command  
  160  16:24  Marauder  
  158  16:31  Marauder  
  157  16:34  Marine  
  157  16:38  Marine x2  
  158  16:40  Viking  
  158  16:45  Marauder  
  149  16:52  Marine  
  149  16:53  Marauder  
  131  16:56  Marine  
  131  16:57  Marine  
  124  17:06  Medivac  
  124  17:07  Marauder  
  128  17:10  Marine  
  128  17:13  Marine  
  128  17:14  Marauder  
Show
View Real Time Build Order
Export as new Build Order

Classic Protoss - Winner!

Build Orders: 1 Gate Expand, Phoenix Opening, Blink Stalkers 

Get SALT Encoding   

  12  0:00  Probe  
  13  0:12  Probe  
  14  0:18  Pylon  
  14  0:24  Probe  
  15  0:32  Probe  
  15  0:37  Gateway  
  15  0:40  Probe  
  16  0:46  Assimilator  
  17  0:51  Probe  
  18  1:03  Probe  
  19  1:15  Probe  
  20  1:24  Cybernetics Core  
  20  1:32  Nexus  
  20  1:39  Pylon  
  20  1:43  Probe  
  21  1:48  Stalker, Assimilator  
  21  1:55  Probe  
  24  2:02  Warp Gate  
  24  2:07  Probe  
  25  2:12  Shield Battery  
  25  2:19  Probe  
  25  2:21  Sentry  
  28  2:26  Shield Battery  
  28  2:31  Probe  
  29  2:42  Twilight Council  
  29  2:43  Probe  
  30  2:45  Probe  
  30  2:50  Stalker  
  31  2:54  Probe  
  31  2:55  Probe  
  34  2:59  Phoenix, Blink  
  34  3:02  Probe  
  34  3:03  Probe  
  35  3:11  Probe  
  37  3:13  Probe  
  39  3:20  Gateway  
  39  3:25  Probe  
  40  3:27  Probe  
  41  3:35  Gateway  
  41  3:38  Probe  
  41  3:39  Probe  
  43  3:43  Pylon  
  43  3:48  Assimilator  
  43  3:50  Stalker  
  43  3:54  Probe  
  46  4:01  Probe  
  46  4:02  Assimilator  
  47  4:06  Probe  
  47  4:07  Pylon  
  47  4:09  Robotics Facility  
  48  4:13  Probe  
  48  4:14  Stalker  
  51  4:18  Stalker  
  51  4:21  Probe  
  54  4:25  Probe  
  54  4:27  Pylon  
  55  4:40  Stalker x2  
  55  4:41  Stalker  
  55  4:45  Pylon  
  61  4:51  Gateway  
  61  4:55  Charge, Observer  
  61  4:56  Probe x2  
  61  4:58  Gateway  
  64  5:08  Gateway  
  64  5:10  Templar Archives  
  64  5:13  Stalker  
  66  5:21  Probe x2  
  63  5:27  Observer  
  62  5:32  Stalker x2  
  62  5:33  Probe x2  
  68  5:42  Nexus  
  68  5:43  Observer  
  68  5:49  Psionic Storm, Observer  
  68  5:58  Pylon, Probe x2  
  68  6:01  Observer  
  68  6:03  High Templar  
  68  6:04  Zealot x2  
  74  6:14  Stalker x2  
  75  6:20  Probe x2  
  70  6:28  Probe x2  
  70  6:36  Probe x2  
  70  6:40  High Templar  
  70  6:46  Probe x2  
  76  6:54  Probe  
  76  6:58  Probe x2  
  76  6:59  Shield Battery  
  76  7:00  High Templar, Zealot x3  
  87  7:02  Warp Prism  
  87  7:06  Probe  
  86  7:10  Probe x2  
  89  7:18  Probe  
  91  7:22  Probe  
  91  7:23  Probe  
  91  7:27  High Templar  
  91  7:28  High Templar  
  96  7:30  Probe  
  96  7:31  Forge  
  96  7:35  Probe x2  
  99  7:37  Zealot  
  99  7:41  Pylon  
  101  7:51  Pylon  
  101  7:53  Pylon  
  101  7:55  Gateway, Protoss Ground Weapons Level 1  
  101  7:56  Gateway  
  101  7:59  Probe x3  
  104  8:10  Pylon, High Templar x2, Zealot x3  
  104  8:11  Pylon, Probe x3  
  104  8:12  Zealot  
  119  8:13  Archon  
  118  8:22  Pylon, Assimilator  
  118  8:24  Probe x3  
  105  8:42  Zealot x6  
  105  8:54  Archon  
  105  8:55  Archon  
  93  8:56  Zealot x2  
  93  8:59  Probe x3  
  93  9:02  Zealot x5  
  92  9:03  Zealot  
  92  9:07  Nexus  
  96  9:14  Assimilator  
  96  9:15  Forge  
  95  9:18  High Templar x2  
  95  9:21  Robotics Bay, Observer  
  100  9:25  High Templar x2, Robotics Facility  
  104  9:40  Pylon, Zealot x4  
  106  9:54  Zealot x2  
  109  10:02  Archon  
  109  10:06  Colossus  
  101  10:09  Colossus  
  101  10:12  Zealot x6  
  113  10:15  Protoss Ground Weapons Level 2  
  113  10:16  Protoss Ground Armor Level 1  
  113  10:19  Extended Thermal Lance  
  115  10:25  Probe x3  
  115  10:26  Probe  
  119  10:30  High Templar x2  
  119  10:34  Zealot x2  
  127  10:46  Zealot x3  
  127  10:47  Assimilator  
  127  10:48  Assimilator  
  133  10:50  High Templar  
  133  10:55  Zealot x2  
  139  10:57  Colossus  
  139  10:59  Shield Battery  
  139  11:02  Colossus  
  135  11:06  Zealot x5  
  151  11:26  High Templar  
  151  11:27  Stalker x3, Sentry  
  151  11:30  Probe x2  
  151  11:31  Probe x2  
  157  11:44  Gateway  
  157  11:45  Stalker x3  
  157  11:47  Gateway  
  161  11:54  Observer  
  161  11:57  High Templar  
  161  11:58  Warp Prism, High Templar, Zealot x3  
  172  12:04  Pylon  
  172  12:05  Pylon  
  164  12:11  Stalker x2  
  164  12:12  Stalker  
  160  12:20  High Templar  
  160  12:21  Stalker x2  
  136  12:41  Stalker x5  
  146  13:02  Stalker x2  
  146  13:03  Zealot  
  146  13:05  Zealot x5  
  160  13:16  Pylon  
  160  13:26  Zealot x4  
  168  13:33  High Templar x2  
  172  13:35  High Templar x2  
  172  13:39  Archon  
  172  13:40  Archon  
  176  13:45  Pylon  
  176  13:46  Pylon  
  174  14:01  Nexus  
  172  14:03  Pylon, High Templar  
  174  14:10  Zealot x2  
  168  14:29  Warp Prism  
  156  14:45  Probe x3  
  156  14:50  High Templar x2  
  156  14:51  High Templar x3  
  156  14:52  Stalker x2, High Templar  
  172  14:56  Archon x2  
  172  15:01  Zealot x2  
  172  15:04  Observer  
  177  15:08  Probe x3  
  180  15:16  High Templar  
  182  15:24  Zealot x7  
  182  15:27  High Templar x2  
  200  15:31  Archon  
  195  15:49  Zealot x4  
  176  15:50  Zealot x3  
  178  15:59  Probe x3  
  161  16:18  Warp Prism  
  153  16:30  High Templar x2, Zealot x6  
  167  16:39  Probe x3  
  162  17:01  Archon  
  162  17:03  High Templar  
  162  17:04  High Templar, Zealot x2  
  166  17:10  Probe x2  
  166  17:11  Probe x2  
  166  17:20  Zealot x3  
  166  17:22  Probe x2  
Tags
 
Add a new tag
Caveats
  • Supply blocks, unpowered buildings, or Contaminate may cause inaccurate times.
  • Supply counts are checked every 10 seconds.